 Dungeon Crawl Stone Soup version 0.27-a0-1591-gc56fcc985a (webtiles) character file.

Game seed: 2111673208562504425

107 Anon1729 the Skirmisher (level 4, -2/41 HPs)
             Began as a Minotaur Monk on July 19, 2021.
             Was a Priest of Wu Jian.
             Killed from afar by Sigmund (6 damage)
             ... with a magic dart
             ... on level 3 of the Dungeon.
             The game lasted 00:02:07 (2020 turns).

Anon1729 the Skirmisher (Minotaur Monk)             Turns: 2020, Time: 00:02:07

Health: -2/41      AC:  2    Str: 17    XL:     4   Next: 57%
Magic:  3/3        EV: 13    Int:  7    God:    Wu Jian [***...]
Gold:   94         SH:  0    Dex: 12    Spells: 3/3 levels left

rFire    . . .     SeeInvis .   a - +0 falchion
rCold    . . .     Faith    .   (no shield)
rNeg     . . .     Spirit   .   b - +0 robe
rPois    .         Reflect  .   (helmet restricted)
rElec    .         Harm     .   (no cloak)
rCorr    .         Rampage  .   (no gloves)
Will     .....                  (no boots)
Stlth    +.........             (no amulet)
HPRegen  0.13/turn              (no ring)
MPRegen  0.08/turn              (no ring)

@: confused
A: horns 2, retaliatory headbutt
a: Renounce Religion, Wall Jump, Serpent's Lash


You were on level 3 of the Dungeon.
You worshipped Wu Jian.
Wu Jian was most pleased with you.
You visited 1 branch of the dungeon, and saw 3 of its levels.

You collected 94 gold pieces.

Inventory:

Hand Weapons
 a - a +0 falchion (weapon)
Armour
 b - a +0 robe (worn)
Scrolls
 d - a scroll of teleportation {unknown}
 f - a scroll of identify {unknown}
 h - a scroll of vulnerability {unknown}
Potions
 c - 2 potions of berserk rage {unknown}
 e - a potion of curing {unknown}
 g - a potion of invisibility {unknown}


   Skills:
 + Level 4.5 Fighting
 + Level 4.5 Long Blades
 + Level 4.0 Dodging
 + Level 2.5 Stealth


You had 3 spell levels left.
You didn't know any spells.
Your spell library contained the following spells:

 Spells                   Type           Power      Damage    Failure   Level
 Static Discharge         Conj/Air       0%         N/A       56%         2
 Dispel Undead            Necr           0%         3d6       99%         4
 Sticky Flame             Conj/Fire      0%         2d3       99%         4
 Alistair's Intoxication  Tmut/Pois      0%         N/A       100%        5
 Borgnjor's Vile Clutch   Necr/Erth      0%         N/A       100%        5
 Eringya's Noxious Bog    Tmut/Pois      0%         N/A       100%        6


Dungeon Overview and Level Annotations

Branches:
Dungeon (3/15)

Altars:
Qazlal
Wu Jian

Annotations:
D:3 Sigmund


Innate Abilities, Weirdness & Mutations

You have a pair of horns on your head.
You reflexively headbutt those who attack you in melee.


Message History

No target in view!
No target in view!
No target in view!
No target in view!
No target in view!
No target in view!
No target in view!
You now have 94 gold pieces (gained 12).
You open the door.
Sigmund the Dreaded comes into view.
He is wielding a +0 scythe and wearing a +2 robe of positive energy.
There is an open door here.
Sigmund is nearby!
Sigmund is nearby!
Sigmund is nearby!
Sigmund completely misses you.
You lunge at Sigmund, but your attack speed is too slow for a blow to land.
Sigmund barely misses you.
You hit Sigmund. Your headbutt misses Sigmund.
Sigmund is lightly wounded.
Sigmund mumbles some strange words.
Sigmund flickers and vanishes!
Deactivating autopickup; reactivate with Ctrl-A.
No target in view!
Something hits you.
You hear some strange, mumbled words.
You are confused.
You bump into the metal wall.
You hear some strange, mumbled words.
You are more confused.
You bump into the metal wall.
Something hits you!
There is an open door here.
You are too confused!
You bump into the rock wall.
Something hits you! Something hits you!
* * * LOW HITPOINT WARNING * * *
You bump into the rock wall.
You hear some strange, mumbled words.
A magic dart appears from out of thin air!
The magic dart hits you.
You die...

####
####'.#
#.{.#{#
#.#.#@#
#...#.#.##
#...##.#..#
#.#. ..##.#
...#.
##.#.#####
+## ##
.#.....#
.#.....#
.#.....#
#####.....#


There were no monsters in sight!

Vanquished Creatures
  Natasha (D:2)
  A gnoll (D:2)
  2 adders (D:3)
  2 worms (D:2)
  A dart slug (D:1)
  3 endoplasms
  3 giant cockroaches (D:1)
  3 goblins
  7 hobgoblins
  6 jackals (D:1)
  A kobold (D:1)
  A quokka (D:2)
  5 ball pythons
  3 bats
  4 frilled lizards
43 creatures vanquished.

Notes
Turn   | Place    | Note
-------+----------+-------------------------------------------
     0 | D:1      | Anon1729 the Minotaur Monk began the quest for the Orb.
     0 | D:1      | Reached XP level 1. HP: 19/19 MP: 0/0
   371 | D:1      | Reached XP level 2. HP: 27/27 MP: 1/1
   397 | D:1      | Found a faded altar of an unknown god.
   411 | D:1      | Became a worshipper of the Wu Jian Council
   411 | D:1      | Reached * piety under Wu Jian
   411 | D:1      | Reached ** piety under Wu Jian
  1179 | D:1      | Reached *** piety under Wu Jian
  1180 | D:1      | Reached XP level 3. HP: 30/33 MP: 2/2
  1410 | D:2      | Noticed Natasha
  1419 | D:2      | Killed Natasha
  1420 | D:2      | Reached XP level 4. HP: 12/41 MP: 3/3
  1726 | D:3      | Found a stormy altar of Qazlal.
  2004 | D:3      | Noticed Sigmund
  2020 | D:3      | Killed from afar by Sigmund

Illustrated notes

Levels and vault maps discovered:
D:1:      nzn_arrival_crosshair, layout_basic,
          hellmonk_ecumenical_altar_prayer_group
D:2:      layout_rooms, uniq_natasha
D:3:      layout_rooms, nicolae_qazlal_scattered_showers,
          mainiacjoe_overflow_swirl, serial_shops, shop, minmay_misc_feat_alley,
          uniq_sigmund

Skill      XL: |  1  2  3  4 |
---------------+-------------+-----
Fighting       | 4 |  4.5
Long Blades    | 4 |  4.5
Stealth        | 2 |  2.5
Dodging        | 4 |  4.0

Action                   |  1- 3 |  4- 6 || total
-------------------------+-------+-------++-------
Melee: Falchion          |    76 |    24 ||   100
       Headbutt          |    18 |     2 ||    20
Invok: Lunge             |     8 |     2 ||    10
 Stab: Sleeping          |     8 |       ||     8
Armor: Robe              |    10 |     4 ||    14
Dodge: Dodged            |    48 |    22 ||    70
       Rpst.: Falchion   |    17 |     6 ||    23

Table legend: (Time is in decaauts)
 A = Elapsed time spent in this place.
 B = Non-inter-level travel time spent in this place.
 C = Inter-level travel time spent in this place.
 D = Time resting spent in this place.
 E = Time spent auto-exploring this place.
 F = Levels seen in this place.
 G = Mean time per level.
                   A        B        C        D        E       F      G
               +--------+--------+--------+--------+--------+-----+--------+
         Total |   2028 |   1983 |     45 |    269 |   1441 |   3 |  676.0 |
       Dungeon |   2028 |   1983 |     45 |    269 |   1441 |   3 |  676.0 |
               +--------+--------+--------+--------+--------+-----+--------+

Top non-repeatable levels by time:
     D:1: 1230 daAuts
     D:3: 596 daAuts
     D:2: 201 daAuts
